 Dungeon Sprint DCSS version 0.31.0-9-g3a7656b989 (webtiles) character file.

Game seed: 12269493506293083233

102 Heoruswealwe the Spear-Bearer (level 4, -2/45 HPs)
             Began as a Minotaur Fighter on Feb 2, 2024.
             Slain by an orc priest
             ... wielding a +0 hand axe
              (6 damage)
             ... in the Dungeon (Sprint IX: "|||||||||||||||||||||||||||||").
             The game lasted 00:00:21 (39 turns).

Heoruswealwe the Spear-Bearer (Minotaur Fighter)      Turns: 39, Time: 00:00:21

Health: -2/45      AC:  7    Str: 22    XL:     4   Next: 49%
Magic:  3/3        EV:  9    Int:  5    God:
Gold:   0          SH:  4    Dex: 10    Spells: 3/3 levels left

rFire   . . .        a - +0 trident
rCold   . . .        d - +0 buckler
rNeg    . . .        c - +0 scale mail
rPois   .            (helmet restricted)
rElec   .            (no cloak)
rCorr   .            (no gloves)
SInv    .            (no boots)
Will    .....        (no amulet) Stlth
                     (no ring)
HPRegen 0.27/turn    (no ring)
MPRegen 0.08/turn

%: no teleportation
@: no status effects
A: horns 2, retaliatory headbutt
a: no special abilities


You were in the Dungeon.
You visited 1 branch

Inventory:

Hand Weapons
 a - a +0 trident (weapon)
Armour
 c - a +0 scale mail (worn)
 d - a +0 buckler (worn)
Scrolls
 j - a scroll of blinking
Potions
 b - a potion of might
 e - a potion of curing
 f - a potion of heal wounds
 g - a potion of haste
 h - 2 potions of magic
 i - a potion of berserk rage


   Skills:
 + Level 6.4 Fighting
 * Level 8.0 Polearms
 + Level 6.4 Armour
 - Level 3.6 Shields


You had 3 spell levels left.
You didn't know any spells.
Your spell library was empty.

Dungeon Overview and Level Annotations

Branches:
Dungeon (1/1)

Altars:


Innate Abilities, Weirdness & Mutations

You have a pair of horns on your head.
You reflexively headbutt those who attack you in melee.


Message History

The hound is severely wounded.
The hound bites you but does no damage. x2
You puncture the hound!
You kill the hound!
The orc priest casts a cantrip, but nothing happens.
Your Fighting skill increases to level 6!
Your Armour skill increases to level 6!
You have reached level 4!
You feel agile.
You barely miss the white imp. Your headbutt misses the white imp.
You hit the white imp but do no damage.
The white imp hits you but does no damage.
You hit the white imp but do no damage.
The white imp hits you but does no damage.
You closely miss the white imp.
The white imp hits you but does no damage.
You barely miss the white imp. Your headbutt misses the white imp.
The white imp gestures at you. The puff of frost hits you.
You hit the white imp. You headbutt the white imp.
The white imp is heavily wounded.
The white imp hits you. The white imp freezes you.
* * * LOW HITPOINT WARNING * * *
You puncture the white imp!
You kill the white imp!
The orc priest calls down the wrath of Beogh upon you.
Pain shoots through your body!
* * * LOW HITPOINT WARNING * * *
Your Polearms skill increases to level 8!
You block the orc priest's attack.
There is an open door here.
You see here a hound corpse.
You hit the orc priest.
The orc priest is moderately wounded.
The orc priest hits you with a +0 hand axe.
* * * LOW HITPOINT WARNING * * *
You puncture the orc priest!
The orc priest is severely wounded.
The orc priest hits you with a +0 hand axe.
You die...

▓+▓
▓.▓
▓.▓
▓.▓
▓.▓
▓o▓
▓@▓
▓.▓
▓.▓
▓.▓
▓.▓
▓.▓
▓†▓
▓.▓
▓.▓


You could see an orc priest.

Vanquished Creatures
  3 hounds (D)
  A white imp (D)
  A dart slug (D)
  2 bats (D)
  An endoplasm (D)
  A giant cockroach (D)
9 creatures vanquished.

Notes
Turn   | Place    | Note
-------+----------+-------------------------------------------
     0 | D        | Heoruswealwe the Minotaur Fighter began the quest for the
                  | Orb.
     0 | D        | Reached XP level 1. HP: 19/19 MP: 0/0
     6 | D        | Reached skill level 3 in Polearms
    10 | D        | Reached skill level 4 in Polearms
    16 | D        | Reached XP level 2. HP: 28/28 MP: 1/1
    25 | D        | Reached skill level 5 in Fighting
    25 | D        | Reached skill level 6 in Polearms
    25 | D        | Reached skill level 5 in Armour
    25 | D        | Reached XP level 3. HP: 28/36 MP: 2/2
    28 | D        | Reached skill level 7 in Polearms
    30 | D        | Reached XP level 4. HP: 22/45 MP: 3/3
    37 | D        | Reached skill level 8 in Polearms
    39 | D        | Slain by an orc priest

Illustrated notes

Levels and vault maps discovered:
D:        linesprint [early_d, line_temple, items_1, d_10, items_2, lair_1,
          lair_end, items_3, orc_1, orc_end, items_4, d_15, swamp_1, shoals_1,
          snake_1, spider_1, d_20, vaults_1, items_5, swamp_end, shoals_end,
          snake_end, spider_end, vaults_end, d_27, items_6, zot_1, zot_end,
          crypt_end, forest_end, elf_end, slime_end, tomb_end, abyss_end,
          pan_hell_end]

Skill      XL: |  1  2  3  4 |
---------------+-------------+-----
Fighting       | 4 5 6 |  6.4
Polearms       | 4 6 7 8 |  8.0
Armour         | 4 5 6 |  6.4
Shields        | |  3.6

Action                     |  1- 3 |  4- 6 || total
---------------------------+-------+-------++-------
  Melee: Trident           |    19 |     9 ||    28
         Headbutt          |     6 |     1 ||     7
 Armour: Scale mail        |    17 |     7 ||    24
  Dodge: Dodged            |     7 |       ||     7
  Block: Buckler           |     3 |     1 ||     4
